 Dungeon Crawl Stone Soup version 0.30-a0-567-gf7fd966b4a (webtiles) character file.

Game seed: 18295492379155824942

397 Barriton the Conjurer (level 6, -1/47 HPs)
             Began as a Draconian Conjurer on Dec 28, 2022.
             Slain by a black bear (5 damage)
             ... on level 5 of the Dungeon.
             The game lasted 00:09:39 (4110 turns).

Barriton the Conjurer (Draconian Conjurer)          Turns: 4110, Time: 00:09:40

Health: -1/47      AC:  6    Str:  9    XL:     6   Next: 53%
Magic:  9/11       EV: 12    Int: 21    God:
Gold:   194        SH:  0    Dex:  9    Spells: 7/12 levels left

rFire   x . .      SeeInvis .    f - staff of cold
rCold   + + .      Faith    .    (no shield)
rNeg    . . .      Spirit   .    (body armour unavailable)
rPois   .          Reflect  .    (helmet restricted)
rElec   .          Harm     .    (no cloak)
rCorr   .          Rampage  .    (no gloves)
Will    .....                    (no boots)
Stlth   ++                       (no amulet)
HPRegen 0.27/turn                b - ring of ice
MPRegen 0.12/turn                (no ring)

@: very slightly contaminated
A: AC +6, unfitting armour, cold-blooded
a: no special abilities


You were on level 5 of the Dungeon.
You visited 1 branch of the dungeon, and saw 5 of its levels.

You collected 194 gold pieces.

Inventory:

Hand Weapons
 d - a +3 mace
Magical Staves
 f - a staff of cold (weapon)
 o - a staff of poison
Jewellery
 b - a ring of ice (left hand)
Scrolls
 h - a scroll of vulnerability
 n - a scroll of amnesia {unknown}
 p - a scroll of identify
Potions
 c - a potion of flight
 e - 2 potions of brilliance
 g - 2 potions of curing
 i - a potion of cancellation
 j - 2 potions of might {unknown}
 k - 2 potions of ambrosia
 l - a potion of lignification {unknown}
 m - 2 potions of heal wounds {unknown}


   Skills:
 + Level 1.1 Fighting
 + Level 1.2 Polearms
 + Level 2.2 Dodging
 + Level 2.6 Stealth
 + Level 1.0 Unarmed Combat
 + Level 3.8 Spellcasting
 + Level 5.3 Conjurations
 + Level 2.2 Summonings


You had 7 spell levels left.
You knew the following spells:

 Your Spells              Type           Power      Damage    Failure   Level
a - Magic Dart            Conj           100%       1d8       1%          1
b - Summon Small Mammal   Summ           52%        N/A       4%          1
c - Searing Ray           Conj           52%        2d6       1%          2
d - Freeze                Ice            36%        1d5       12%         1

Your spell library contained the following spells:

 Spells                   Type           Power      Damage    Failure   Level
 Dazzling Flash           Conj/Hex       30%        N/A       12%         3
 Hailstorm                Conj/Ice       34%        3d9       12%         3
 Call Canine Familiar     Summ           13%        N/A       14%         3
 Ensorcelled Hibernation  Hex/Ice        18%        N/A       19%         2
 Summon Guardian Golem    Hex/Summ       8%         N/A       22%         3
 Frozen Ramparts          Ice            18%        1d3       36%         3
 Ignite Poison            Fire/Tmut/Pois 3%         N/A       36%         3
 Kindle Blastsparks       Fire/Tloc/Air  6%         2d10      36%         3
 Spider Form              Tmut/Pois      3%         N/A       36%         3
 Fulminant Prism          Conj/Hex       7%         3d6       38%         4
 Iskenderun's Mystic Bla  Conj/Tloc      15%        2d5       38%         4
 Anguish                  Hex/Necr       1%         N/A       77%         4
 Freezing Cloud           Conj/Ice/Air   12%        6-21      86%         5


Dungeon Overview and Level Annotations

Branches:
Dungeon (5/15)
 Temple: D:4-7

Altars:
Elyvilon
Fedhas
Wu Jian
Zin
The Shining One

Shops:
D:2 [(:(   D:3 *

Annotations:
D:3 2 runed translucent doors


Innate Abilities, Weirdness & Mutations

Your plain brown scales are hard. (AC +6)
You cannot fit into any form of body armour.
You are cold-blooded and may be slowed by cold attacks.


Message History

* * * LOW HITPOINT WARNING * * *
The black bear closely misses you. x2; The black bear misses you.
Casting: Freeze (safe; 12% risk of failure)
Confirm with . or Enter, or press ? or * to list all spells.
Aiming: Freeze (safe; 12% risk of failure)
Press: ? - help, Shift-Dir - straight line, f/p - black bear
Aim: a black bear (almost dead, berserk)
You feel a strong surge of power!
You freeze the black bear.
The black bear is almost dead.
The black bear misses you.
The black bear claws you but does no damage. x2
Unknown command.
Magic courses through your body. The black bear closely misses you.
The black bear barely misses you. The black bear claws you.
* * * LOW HITPOINT WARNING * * *
The black bear bites you.
* * * LOW HITPOINT WARNING * * *
The black bear claws you but does no damage.
The black bear barely misses you.
Casting: Freeze (safe; 12% risk of failure)
Confirm with . or Enter, or press ? or * to list all spells.
Aiming: Freeze (safe; 12% risk of failure)
Press: ? - help, Shift-Dir - straight line, f/p - black bear
Aim: a black bear (almost dead, berserk)
You feel a strong surge of power!
You freeze the black bear.
The black bear is almost dead.
The black bear bites you but does no damage.
The black bear misses you. x2
Casting: Freeze (safe; 12% risk of failure)
Confirm with . or Enter, or press ? or * to list all spells.
Aiming: Freeze (safe; 12% risk of failure)
Press: ? - help, Shift-Dir - straight line, f/p - black bear
Aim: a black bear (almost dead, berserk)
You feel a strong surge of power!
You miscast Freeze.
You are very lightly contaminated with residual magic.
Nothing appears to happen.
The black bear closely misses you. The black bear completely misses you.
The black bear claws you.
* * * LOW HITPOINT WARNING * * *
The black bear barely misses you. The black bear claws you.
You die...

###
####.....
#@...#
#h####
#.# ..#
.## #. #.
#.


You could see a black bear (berserk).

Vanquished Creatures
  Sigmund (D:2)
  Blork the orc (D:4)
  An iguana (D:5)
  2 orc wizards (D:4)
  2 adders (D:3)
  A worm (D:3)
  3 dart slugs
  4 orcs
  7 endoplasms
  4 giant cockroaches
  6 goblins
  8 hobgoblins
  2 jackals (D:1)
  3 kobolds (D:1)
  A quokka (D:2)
  3 ball pythons
  A frilled lizard (D:1)
  5 rats
55 creatures vanquished.

Vanquished Creatures (collateral kills)
  A ball python (D:2)
  A rat (D:2)
2 creatures vanquished.

Grand Total: 57 creatures vanquished

Notes
Turn   | Place    | Note
-------+----------+-------------------------------------------
     0 | D:1      | Barriton the Draconian Conjurer began the quest for the
                  | Orb.
     0 | D:1      | Reached XP level 1. HP: 14/14 MP: 3/3
   310 | D:1      | Reached XP level 2. HP: 22/22 MP: 0/5
   330 | D:1      | Learned a level 1 spell: Summon Small Mammal
   333 | D:1      | Learned a level 2 spell: Searing Ray
  1355 | D:2      | Found Juranin's Antique Armour Shop.
  1546 | D:2      | Found Gautietz's Antique Weapon Emporium.
  1569 | D:2      | Reached XP level 3. HP: 27/27 MP: 3/6
  1695 | D:2      | Found Begumeucs's Antique Weapon Emporium.
  1892 | D:2      | Noticed Sigmund
  1959 | D:2      | Killed Sigmund
  1960 | D:2      | Reached skill level 1 in Fighting
  1960 | D:2      | Reached skill level 5 in Conjurations
  1960 | D:2      | Reached skill level 1 in Summonings
  1960 | D:2      | Reached XP level 4. HP: 22/35 MP: 1/9
  1960 | D:2      | Reached XP level 5. HP: 25/40 MP: 1/10
  2187 | D:2      | Found Aditupn's Book Shop.
  2499 | D:3      | Reached skill level 1 in Unarmed Combat
  2715 | D:3      | Found a glowing golden altar of the Shining One.
  2796 | D:3      | Found Zin's Purification Station.
  2801 | D:3      | Reached skill level 1 in Polearms
  2832 | D:3      | Found a glowing silver altar of Zin.
  3123 | D:3      | Found a large runed translucent door.
  3124 | D:3      | Found a large runed translucent door.
  3299 | D:3      | Found a blossoming altar of Fedhas.
  3443 | D:4      | Noticed Blork the orc
  3450 | D:4      | Killed Blork the orc
  3451 | D:4      | Reached XP level 6. HP: 44/47 MP: 2/11
  3613 | D:4      | Found a white marble altar of Elyvilon.
  3669 | D:4      | Found an ornate altar of the Wu Jian Council.
  3945 | D:4      | Learned a level 1 spell: Freeze
  4090 | D:5      | Entered Level 5 of the Dungeon
  4110 | D:5      | Slain by a black bear

Illustrated notes

Levels and vault maps discovered:
D:1:      lightli_arrival_quake, layout_loops_ring, minmay_misc_feat_cross
D:2:      layout_loops_corners, serial_shops, shop,
          nicolae_shop_temple_entry_statues_fountains, shop, shop, uniq_sigmund
D:3:      layout_loops_ring, fedhas_altar_4, zin_purify, jmf_multi_god_temple2,
          tso_metal_star, kennysheep_generic_room_4
D:4:      layout_basic, mainiacjoe_overflow_catch_the_wave, uniq_blork_the_orc
D:5:      layout_loops_ring, trog_wizard, okawaru_altar_gauntlet_db

Skill      XL: |  1  2  3  4  5  6 |
---------------+-------------------+-----
Fighting       | 1 |  1.1
Dodging        | 2 |  2.2
Stealth        | 2 |  2.6
Spellcasting   | 3 |  3.8
Conjurations   | 5 |  5.3
Summonings     | 1 2 |  2.2
Unarmed Combat | 1 |  1.0
Polearms       | 1 |  1.2

Action                   |  1- 3 |  4- 6 || total
-------------------------+-------+-------++-------
Melee: Unarmed           |    31 |       ||    31
       Tailslap          |     9 |     2 ||    11
       Punch             |     1 |       ||     1
       Spear             |     8 |     5 ||    13
       Mace              |       |     5 ||     5
       Staff             |       |     4 ||     4
 Cast: Magic Dart        |    59 |    54 ||   113
       Summon Small Mamm |     4 |     1 ||     5
       Searing Ray       |     2 |     2 ||     4
       Freeze            |       |     6 ||     6
  Use: Scroll            |       |     9 ||     9
       Potion            |       |     1 ||     1
Armor: Skin              |    11 |    11 ||    22
Dodge: Dodged            |    27 |    25 ||    52

Table legend: (Time is in decaauts)
 A = Elapsed time spent in this place.
 B = Non-inter-level travel time spent in this place.
 C = Inter-level travel time spent in this place.
 D = Time resting spent in this place.
 E = Time spent auto-exploring this place.
 F = Levels seen in this place.
 G = Mean time per level.
                   A        B        C        D        E       F      G
               +--------+--------+--------+--------+--------+-----+--------+
         Total |   4113 |   4011 |    102 |      0 |   3476 |   5 |  822.6 |
       Dungeon |   4113 |   4011 |    102 |      0 |   3476 |   5 |  822.6 |
               +--------+--------+--------+--------+--------+-----+--------+

Top non-repeatable levels by time:
     D:2: 1298 daAuts
     D:1: 1181 daAuts
     D:3: 895 daAuts
     D:4: 717 daAuts
     D:5: 20 daAuts
